| TOP OF THE 1ST |
|
Lehigh Valley IronPigs batting - Pitching for Colorado Springs Sky Sox : LHP Steve Ransom
|
|
Pitching: LHP Steve Ransom
|
|
|
Batting: RHB Francisco Viera
|
0-0: Called Strike 0-1: Called Strike 0-2: SINGLE (Groundball, 6M, EV 102.5 MPH)
|
|
Batting: LHB Theodore Conboy
|
0-0: Called Strike 0-1: Foul Ball, location: 2F 0-2: Strikes out swinging
|
|
Batting: RHB Melchor Sovrivilla
|
0-0: Ball Francisco Viera steals 2nd base 1-0: Ball 2-0: Fly out, F8 (Line Drive, 8RM, EV 85.0 MPH)
|
|
Batting: LHB Jose Carlos
|
0-0: Called Strike 0-1: Ball 1-1: Foul Ball, location: 2F 1-2: Foul Ball, location: 2F 1-2: Ball Wild Pitch! Francisco Viera to third 2-2: Strikes out swinging
|
| Top of the 1st over - 0 runs, 1 hit, 0 errors, 1 left on base; Lehigh Valley 0 - Colorado Springs 0 |
| BOTTOM OF THE 1ST |
|
Colorado Springs Sky Sox batting - Pitching for Lehigh Valley IronPigs : RHP Chad Capaldi
|
|
Pitching: RHP Chad Capaldi
|
|
|
Batting: LHB Steve Gilliam
|
0-0: DOUBLE (Flyball, 8LXD, EV 100.6 MPH)
|
|
Batting: RHB Juan Figueroa
|
0-0: SINGLE (Groundball, 56S, EV 70.6 MPH) (infield hit) Steve Gilliam to third
|
|
Batting: LHB Kyle Schaible
|
0-0: Called Strike 0-1: Foul Ball, location: 2F 0-2: Foul Ball, location: 2F 0-2: Ball 1-2: TRIPLE (Flyball, 9LD, EV 97.5 MPH) Steve Gilliam scores Juan Figueroa scores
|
|
Batting: LHB Michael Krott
|
0-0: Ball 1-0: Foul Ball, location: 2F 1-1: Ground out 4-3 (Groundball, 4, EV 108.1 MPH) Kyle Schaible scores
|
|
Batting: LHB Iehohs Inatho
|
0-0: Fly out, F7 (Flyball, 78D, EV 92.5 MPH)
|
|
Batting: RHB Matviy Oliynyk
|
0-0: Called Strike 0-1: Ball 1-1: Called Strike 1-2: Ball 2-2: Foul Ball, location: 2F 2-2: SINGLE (Groundball, 56D, EV 102.5 MPH)
|
|
Batting: RHB Eric Delgado
|
0-0: Fly out, F7 (Flyball, 7, EV 92.5 MPH)
|
| Bottom of the 1st over - 3 runs, 4 hits, 0 errors, 1 left on base; Lehigh Valley 0 - Colorado Springs 3 |
| TOP OF THE 2ND |
|
Lehigh Valley IronPigs batting - Pitching for Colorado Springs Sky Sox : LHP Steve Ransom
|
|
Batting: LHB Danny Hill
|
0-0: Ball 1-0: Fly out, F7 (Line Drive, 78M, EV 89.4 MPH)
|
|
Batting: LHB Chris Moody
|
0-0: Foul Ball, location: 2F 0-1: Foul Ball, location: 2F 0-2: Ball 1-2: Ball 2-2: Ball 3-2: Ground out 6-3 (Groundball, 56D, EV 89.4 MPH)
|
|
Batting: SHB Kaname Fujimoto
|
0-0: Ball 1-0: Fly out, F9 (Flyball, 9, EV 88.1 MPH)
|
| Top of the 2nd over - 0 runs, 0 hits, 0 errors, 0 left on base; Lehigh Valley 0 - Colorado Springs 3 |
| BOTTOM OF THE 2ND |
|
Colorado Springs Sky Sox batting - Pitching for Lehigh Valley IronPigs : RHP Chad Capaldi
|
|
Batting: RHB Zakhar Edelman
|
0-0: Foul Ball, location: 2F 0-1: Foul Ball, location: 2F 0-2: Ball 1-2: Ball 2-2: Foul Ball, location: 2F 2-2: Ball 3-2: Base on Balls
|
|
Batting: RHB Kevin Tangeman
|
0-0: Ball 1-0: Called Strike 1-1: Fielders Choice at 2nd, 6-4 (Groundball, 6S, EV 92.5 MPH)
|
|
Batting: LHB Steve Gilliam
|
0-0: Ball 1-0: Ball 2-0: Called Strike Kevin Tangeman steals 2nd base 2-1: Called Strike 2-2: Strikes out swinging
|
|
Batting: RHB Juan Figueroa
|
0-0: Ball 1-0: Foul Ball, location: 2F 1-1: SINGLE (Line Drive, 8LS, EV 93.8 MPH) Kevin Tangeman to third Runner from 3rd tries for Home, SAFE, throw by CF to home
|
|
Batting: LHB Kyle Schaible
|
0-0: Called Strike 0-1: Ball 1-1: Ball 2-1: Ground out U3 (Groundball, 3L, EV 104.4 MPH)
|
| Bottom of the 2nd over - 1 run, 1 hit, 0 errors, 1 left on base; Lehigh Valley 0 - Colorado Springs 4 |
| TOP OF THE 3RD |
|
Lehigh Valley IronPigs batting - Pitching for Colorado Springs Sky Sox : LHP Steve Ransom
|
|
Batting: LHB Pat Shaddock
|
0-0: Ground out 4-3 (Groundball, 4, EV 83.8 MPH)
|
|
Batting: LHB Tom Edwards
|
0-0: Ball 1-0: Ball 2-0: Ball 3-0: Called Strike 3-1: Base on Balls
|
|
Batting: RHB Francisco Viera
|
0-0: Ball 1-0: Ball 2-0: Ball 3-0: Base on Balls Tom Edwards to second
|
|
Batting: LHB Theodore Conboy
|
0-0: Ball 1-0: Ball 2-0: Grounds into double play, 6-4-3 (Groundball, 6, EV 100.0 MPH)
|
| Top of the 3rd over - 0 runs, 0 hits, 0 errors, 1 left on base; Lehigh Valley 0 - Colorado Springs 4 |
| BOTTOM OF THE 3RD |
|
Colorado Springs Sky Sox batting - Pitching for Lehigh Valley IronPigs : RHP Chad Capaldi
|
|
Batting: LHB Michael Krott
|
0-0: Ball 1-0: Ball 2-0: DOUBLE (Flyball, 89XD, EV 108.1 MPH)
|
|
Batting: LHB Iehohs Inatho
|
0-0: Ball 1-0: SINGLE (Line Drive, 6D, EV 96.2 MPH) Michael Krott to third
|
|
Batting: RHB Matviy Oliynyk
|
0-0: Ball 1-0: Ball 2-0: Foul Ball, location: 2F 2-1: Ball 3-1: Called Strike 3-2: Fly out, F4 (Popup, 4M, EV 66.2 MPH)
|
|
Batting: RHB Eric Delgado
|
0-0: SINGLE (Groundball, 25, EV 68.8 MPH) (infield hit) Iehohs Inatho to second
|
|
Batting: RHB Zakhar Edelman
|
0-0: Ball 1-0: Ball 2-0: Called Strike 2-1: SINGLE (Line Drive, 7LS, EV 96.2 MPH) Michael Krott scores Iehohs Inatho to third Eric Delgado to second Runner from 3rd tries for Home, SAFE, throw by LF to home
|
|
Pitching: RHP Julio Espinel
|
|
|
Batting: RHB Kevin Tangeman
|
0-0: Foul Ball, location: 2F 0-1: Swinging Strike 0-2: Foul Ball, location: 2F 0-2: Foul Ball, location: 2F 0-2: Foul Ball, location: 2F 0-2: Ball 1-2: Ball 2-2: Strikes out looking
|
|
Batting: LHB Steve Gilliam
|
0-0: Ball 1-0: Foul Ball, location: 2F 1-1: SINGLE (Groundball, 56D, EV 103.8 MPH) (infield hit) Eric Delgado to third Zakhar Edelman to second
|
|
Batting: RHB Juan Figueroa
|
0-0: Fly out, F7 (Flyball, 7, EV 76.2 MPH)
|
| Bottom of the 3rd over - 2 runs, 5 hits, 0 errors, 3 left on base; Lehigh Valley 0 - Colorado Springs 6 |
| TOP OF THE 4TH |
|
Lehigh Valley IronPigs batting - Pitching for Colorado Springs Sky Sox : LHP Steve Ransom
|
|
Batting: RHB Melchor Sovrivilla
|
0-0: Called Strike 0-1: DOUBLE (Flyball, 8RXD, EV 104.4 MPH)
|
|
Batting: LHB Jose Carlos
|
0-0: Fly out, F8 (Line Drive, 8LM, EV 100.0 MPH)
|
|
Batting: LHB Danny Hill
|
0-0: Called Strike 0-1: Foul Ball, location: 2F 0-2: Ball 1-2: SINGLE (Line Drive, 6D, EV 106.2 MPH) Melchor Sovrivilla to third Runner from 3rd tries for Home, SAFE, throw by LF to home
|
|
Batting: LHB Chris Moody
|
0-0: Ball 1-0: Foul Ball, location: 2F 1-1: SINGLE (Groundball, 34, EV 100.6 MPH) Danny Hill to second Runner from 2nd tries for 3rd, SAFE, no throw by RF
|
|
Batting: SHB Kaname Fujimoto
|
0-0: Ball 1-0: Called Strike 1-1: Foul Ball, location: 2F 1-2: SINGLE (Flyball, 89S, EV 90.6 MPH) Danny Hill scores Chris Moody to second Runner from 2nd tries for 3rd, SAFE, throw by RF made to third
|
|
Batting: LHB Pat Shaddock
|
0-0: Fly out, F6 (Line Drive, 6, EV 71.9 MPH)
|
|
Batting: LHB Tom Edwards
|
0-0: Ball 1-0: Called Strike 1-1: Foul Ball, location: 2F 1-2: Strikes out looking
|
| Top of the 4th over - 2 runs, 4 hits, 0 errors, 2 left on base; Lehigh Valley 2 - Colorado Springs 6 |
| BOTTOM OF THE 4TH |
|
Colorado Springs Sky Sox batting - Pitching for Lehigh Valley IronPigs : RHP Julio Espinel
|
|
Batting: LHB Kyle Schaible
|
0-0: Foul Ball, location: 2F 0-1: Ball 1-1: Swinging Strike 1-2: Ball 2-2: Foul Ball, location: 2F 2-2: SINGLE (Groundball, 56D, EV 102.5 MPH)
|
|
Batting: LHB Michael Krott
|
0-0: Ball 1-0: Fly out, F7 (Line Drive, 7, EV 91.2 MPH)
|
|
Batting: LHB Iehohs Inatho
|
0-0: Called Strike 0-1: Ball 1-1: Ball 2-1: Ball 3-1: Fly out, F8 (Flyball, 78M, EV 80.6 MPH)
|
|
Batting: RHB Matviy Oliynyk
|
0-0: Ball 1-0: Fly out, F9 (Flyball, 89D, EV 101.9 MPH)
|
| Bottom of the 4th over - 0 runs, 1 hit, 0 errors, 1 left on base; Lehigh Valley 2 - Colorado Springs 6 |
| TOP OF THE 5TH |
|
Lehigh Valley IronPigs batting - Pitching for Colorado Springs Sky Sox : LHP Steve Ransom
|
|
Batting: RHB Francisco Viera
|
0-0: Ball 1-0: SINGLE (Groundball, 4M, EV 86.2 MPH) (infield hit)
|
|
Batting: LHB Theodore Conboy
|
0-0: Called Strike Francisco Viera steals 2nd base 0-1: Ball 1-1: Ball 2-1: Foul Ball, location: 2F 2-2: Ball 3-2: Base on Balls
|
|
Batting: RHB Melchor Sovrivilla
|
0-0: Ball 1-0: Ball 2-0: 3-RUN HOME RUN (Line Drive, 7D, EV 100.6 MPH), Distance : 393 ft
|
|
Batting: LHB Jose Carlos
|
0-0: Called Strike 0-1: Foul Ball, location: 2F 0-2: Ball 1-2: Ball 2-2: Strikes out swinging
|
|
Batting: LHB Danny Hill
|
0-0: Called Strike 0-1: Swinging Strike 0-2: Foul Ball, location: 2F 0-2: Ball 1-2: Ball 2-2: Ball 3-2: Strikes out swinging
|
|
Batting: LHB Chris Moody
|
0-0: Called Strike 0-1: Ball 1-1: SINGLE (Flyball, 89S, EV 83.8 MPH)
|
|
Batting: SHB Kaname Fujimoto
|
0-0: Foul Ball, location: 2F 0-1: SINGLE (Groundball, 6M, EV 99.4 MPH) (infield hit) Chris Moody to second
|
|
Pitching: RHP Zach Sommer
|
|
|
Batting: LHB Pat Shaddock
|
0-0: Foul Ball, location: 2F 0-1: Foul Ball, location: 2F 0-2: Ground out 6-3 (Groundball, 6M, EV 101.9 MPH)
|
| Top of the 5th over - 3 runs, 4 hits, 0 errors, 2 left on base; Lehigh Valley 5 - Colorado Springs 6 |
| BOTTOM OF THE 5TH |
|
Colorado Springs Sky Sox batting - Pitching for Lehigh Valley IronPigs : RHP Julio Espinel
|
|
Batting: RHB Eric Delgado
|
0-0: Ball 1-0: Called Strike 1-1: Swinging Strike 1-2: SINGLE (Flyball, 5D, EV 95.6 MPH)
|
|
Batting: RHB Zakhar Edelman
|
0-0: Ball 1-0: Ball 2-0: Called Strike 2-1: Ball 3-1: Foul Ball, location: 2F 3-2: Foul Ball, location: 2F 3-2: Base on Balls Eric Delgado to second
|
|
Batting: RHB Kevin Tangeman
|
0-0: Called Strike 0-1: SINGLE (Groundball, 6D, EV 98.1 MPH) Eric Delgado to third Zakhar Edelman to second Runner from 3rd tries for Home, SAFE, throw by LF to home
|
|
Batting: LHB Steve Gilliam
|
0-0: Ball 1-0: Ball 2-0: Called Strike 2-1: Ball 3-1: Base on Balls Zakhar Edelman to third Kevin Tangeman to second
|
|
Batting: RHB Juan Figueroa
|
0-0: Foul Ball, location: 2F 0-1: Foul Ball, location: 2F 0-2: Ball 1-2: Ball Wild Pitch! Zakhar Edelman scores Kevin Tangeman to third Steve Gilliam to second 2-2: Ball 3-2: Strikes out swinging
|
|
Batting: LHB Kyle Schaible
|
0-0: Ground out 4-3 (Groundball, 4D, EV 100.0 MPH) Kevin Tangeman scores Steve Gilliam to third
|
|
Batting: LHB Michael Krott
|
0-0: SINGLE (Groundball, 5L, EV 100.6 MPH) Steve Gilliam scores
|
|
Pitching: RHP Josh Allport
|
|
|
Batting: LHB Iehohs Inatho
|
0-0: Ball 1-0: Ball 2-0: Called Strike 2-1: Ball 3-1: Base on Balls Michael Krott to second
|
|
Batting: RHB Matviy Oliynyk
|
0-0: Foul Ball, location: 2F 0-1: Ball 1-1: DOUBLE (Groundball, 5L, EV 100.0 MPH) Michael Krott scores Iehohs Inatho to third Runner from 3rd tries for Home, SAFE, throw by LF to trailing runner, OUT at third! 7-3-5
|
| Bottom of the 5th over - 6 runs, 4 hits, 0 errors, 0 left on base; Lehigh Valley 5 - Colorado Springs 12 |
| TOP OF THE 6TH |
|
Lehigh Valley IronPigs batting - Pitching for Colorado Springs Sky Sox : RHP Zach Sommer
|
|
Batting: LHB Tom Edwards
|
0-0: Ball 1-0: Swinging Strike 1-1: Ball 2-1: Ball 3-1: Fly out, F7 (Line Drive, 7, EV 98.1 MPH)
|
|
Batting: RHB Francisco Viera
|
0-0: Ball 1-0: Ball 2-0: Foul Ball, location: 2F 2-1: SINGLE (Line Drive, 6M, EV 98.1 MPH)
|
|
Batting: LHB Theodore Conboy
|
0-0: Ball 1-0: Called Strike 1-1: Ball 2-1: SINGLE (Groundball, 13S, EV 69.4 MPH) (infield hit) Francisco Viera to second
|
|
Batting: RHB Melchor Sovrivilla
|
0-0: Ball 1-0: Called Strike 1-1: Foul Ball, location: 2F 1-2: Fly out, F8 (Flyball, 8RM, EV 77.5 MPH) Runner from 2nd tags up, SAFE at 3rd with throw by CF
|
|
Batting: LHB Jose Carlos
|
0-0: SINGLE (Line Drive, 9LS, EV 98.8 MPH) Francisco Viera scores Theodore Conboy to second Runner from 2nd tries for 3rd, SAFE, throw by RF made to third
|
|
Batting: LHB Danny Hill
|
0-0: Foul Ball, location: 2F 0-1: Ball 1-1: Fly out, F8 (Flyball, 8RM, EV 85.6 MPH)
|
| Top of the 6th over - 1 run, 3 hits, 0 errors, 2 left on base; Lehigh Valley 6 - Colorado Springs 12 |
| BOTTOM OF THE 6TH |
|
Colorado Springs Sky Sox batting - Pitching for Lehigh Valley IronPigs : RHP Josh Allport
|
|
Batting: RHB Eric Delgado
|
0-0: Ball 1-0: Ball 2-0: Ball 3-0: Ground out 1-3 (Groundball, 13, EV 66.2 MPH)
|
|
Batting: RHB Zakhar Edelman
|
0-0: TRIPLE (Flyball, 9LD, EV 99.4 MPH)
|
|
Batting: RHB Kevin Tangeman
|
0-0: Swinging Strike 0-1: Ball 1-1: Ball 2-1: Swinging Strike 2-2: Strikes out swinging
|
|
Batting: LHB Steve Gilliam
|
0-0: Ball 1-0: Foul Ball, location: 2F 1-1: Ball 2-1: Foul Ball, location: 2F 2-2: Strikes out swinging
|
| Bottom of the 6th over - 0 runs, 1 hit, 0 errors, 1 left on base; Lehigh Valley 6 - Colorado Springs 12 |
| TOP OF THE 7TH |
|
Lehigh Valley IronPigs batting - Pitching for Colorado Springs Sky Sox : RHP Zach Sommer
|
|
Batting: LHB Chris Moody
|
0-0: Ball 1-0: Called Strike 1-1: Swinging Strike 1-2: Foul Ball, location: 2F 1-2: Ball 2-2: Foul Ball, location: 2F 2-2: Foul Ball, location: 2F 2-2: Foul Ball, location: 2F 2-2: Ball 3-2: Base on Balls
|
|
Batting: SHB Kaname Fujimoto
|
0-0: Called Strike 0-1: Ball 1-1: Ball 2-1: Called Strike 2-2: Strikes out looking
|
|
Batting: LHB Pat Shaddock
|
0-0: Foul Ball, location: 2F 0-1: Ball 1-1: Hit by Pitch Chris Moody to second
|
|
Batting: LHB Tom Edwards
|
0-0: Called Strike 0-1: Called Strike 0-2: Strikes out swinging
|
|
Batting: RHB Francisco Viera
|
0-0: Swinging Strike 0-1: Ball 1-1: Swinging Strike 1-2: Ball 2-2: Foul Ball, location: 2F 2-2: Fielders Choice at 2nd, 6-4 (Groundball, 6, EV 111.2 MPH)
|
| Top of the 7th over - 0 runs, 0 hits, 0 errors, 2 left on base; Lehigh Valley 6 - Colorado Springs 12 |
| BOTTOM OF THE 7TH |
|
Colorado Springs Sky Sox batting - Pitching for Lehigh Valley IronPigs : RHP Josh Allport
|
|
Batting: RHB Juan Figueroa
|
0-0: Ball 1-0: Fly out, F7 (Flyball, 78M, EV 91.2 MPH)
|
|
Batting: LHB Kyle Schaible
|
0-0: Foul Ball, location: 2F 0-1: SINGLE (Groundball, 25, EV 73.8 MPH) (infield hit)
|
|
Batting: LHB Michael Krott
|
0-0: Ball 1-0: Called Strike 1-1: Ball 2-1: Foul Ball, location: 2F 2-2: Strikes out looking
|
|
Batting: LHB Iehohs Inatho
|
0-0: Ball 1-0: Called Strike 1-1: Called Strike 1-2: Strikes out swinging
|
| Bottom of the 7th over - 0 runs, 1 hit, 0 errors, 1 left on base; Lehigh Valley 6 - Colorado Springs 12 |
| TOP OF THE 8TH |
|
Lehigh Valley IronPigs batting - Pitching for Colorado Springs Sky Sox : RHP Zach Sommer
|
|
Batting: LHB Theodore Conboy
|
0-0: Ground out 1-3 (Groundball, 15S, EV 69.4 MPH)
|
|
Batting: RHB Melchor Sovrivilla
|
0-0: Called Strike 0-1: Called Strike 0-2: Foul Ball, location: 2F 0-2: Ball 1-2: Ball 2-2: Foul Ball, location: 2F 2-2: Fly out, F9 (Flyball, 9LD, EV 109.4 MPH)
|
|
Batting: LHB Jose Carlos
|
0-0: Fly out, F7 (Flyball, 7LSF, EV 76.9 MPH)
|
| Top of the 8th over - 0 runs, 0 hits, 0 errors, 0 left on base; Lehigh Valley 6 - Colorado Springs 12 |
| BOTTOM OF THE 8TH |
|
Colorado Springs Sky Sox batting - Pitching for Lehigh Valley IronPigs : RHP Josh Allport
|
|
Batting: RHB Matviy Oliynyk
|
0-0: Ball 1-0: Ball 2-0: Ball 3-0: Called Strike 3-1: Ground out 4-3 (Groundball, 4, EV 105.0 MPH)
|
|
Batting: RHB Eric Delgado
|
0-0: Ball 1-0: Ball 2-0: Foul Ball, location: 2F 2-1: Ball 3-1: Called Strike 3-2: Foul Ball, location: 2F 3-2: Base on Balls
|
|
Pitching: RHP William-Floyd Goof
|
|
|
Batting: RHB Zakhar Edelman
|
0-0: Reached on error, E6 (Groundball, 6, EV 84.4 MPH) Eric Delgado to second
|
|
Batting: RHB Kevin Tangeman
|
0-0: Ball 1-0: Ball 2-0: Ball 3-0: Called Strike 3-1: Base on Balls Eric Delgado to third Zakhar Edelman to second
|
|
Batting: LHB Steve Gilliam
|
0-0: Swinging Strike 0-1: Foul Ball, location: 2F 0-2: Strikes out swinging
|
|
Batting: RHB Juan Figueroa
|
0-0: Ground out 4-3 (Groundball, 34, EV 100.6 MPH)
|
| Bottom of the 8th over - 0 runs, 0 hits, 1 error, 3 left on base; Lehigh Valley 6 - Colorado Springs 12 |
| TOP OF THE 9TH |
|
Lehigh Valley IronPigs batting - Pitching for Colorado Springs Sky Sox : RHP Zach Sommer
|
|
Batting: LHB Danny Hill
|
0-0: Foul Ball, location: 2F 0-1: Ground out U3 (Groundball, 3L, EV 101.9 MPH)
|
|
Batting: LHB Chris Moody
|
0-0: Fly out, F9 (Flyball, 9S, EV 86.2 MPH)
|
|
Batting: SHB Kaname Fujimoto
|
0-0: Ball 1-0: Ball 2-0: Ball 3-0: Base on Balls
|
|
Batting: LHB Pat Shaddock
|
0-0: Ball 1-0: Ball 2-0: Ball 3-0: Base on Balls Kaname Fujimoto to second
|
|
Pitching: LHP Armando Florez
|
|
|
Batting: LHB Tom Edwards
|
0-0: Called Strike 0-1: Ball 1-1: Ground out U3 (Groundball, 3, EV 85.6 MPH)
|
| Top of the 9th over - 0 runs, 0 hits, 0 errors, 2 left on base; Lehigh Valley 6 - Colorado Springs 12 |
|